 Dungeon Crawl Stone Soup version 0.28.0-45-g0d030f2227 (webtiles) character file.

Game seed: 7622929715241453815

56 Ablot the Cutter (level 3, 0/35 HPs)
             Began as a Gnoll Chaos Knight on Apr 15, 2022.
             Was a Plaything of Xom.
             Slain by a kobold
             ... wielding a +0 whip
              (4 damage)
             ... on level 3 of the Dungeon.
             The game lasted 00:02:25 (1522 turns).

Ablot the Cutter (Gnoll Chaos Knight)               Turns: 1522, Time: 00:02:26

Health: 0/35       AC:  5    Str: 13    XL:     3   Next: 97%
Magic:  4/4        EV: 12    Int: 11    God:    Xom [..*...]
Gold:   109        SH:  0    Dex: 11    Spells: 4/4 levels left

rFire   . . .      SeeInvis .   a - +0 short sword (chaos)
rCold   . . .      Faith    .   (no shield)
rNeg    . . .      Spirit   .   b - +2 leather armour
rPois   .          Reflect  .   (no helmet)
rElec   .          Harm     .   (no cloak)
rCorr   .          Rampage  .   (no gloves)
Will    .....                   (no boots)
Stlth   +.........              (no amulet)
HPRegen 0.11/turn               (no ring)
MPRegen 0.09/turn               (no ring)

@: confused
A: fangs 1, strong nose, distributed training
a: Renounce Religion


You were on level 3 of the Dungeon.
You worshipped Xom.
You were a toy of Xom.
You visited 1 branch of the dungeon, and saw 3 of its levels.

You collected 109 gold pieces.

Inventory:

Hand Weapons
 a - a +0 short sword of chaos (weapon)
 e - a +2 dagger of venom
Missiles
 c - 77 stones (quivered)
 f - 14 bolts
 g - 26 sling bullets
 i - 13 arrows
 m - 3 poisoned darts
Armour
 b - a +2 leather armour (worn)
Scrolls
 d - 2 scrolls of immolation {unknown}
 h - 4 scrolls of identify {unknown}
 k - a scroll of enchant weapon {unknown}
 l - 3 scrolls of teleportation {unknown}
 n - a scroll of vulnerability {unknown}
Potions
 j - a potion of might {unknown}


   Skills:
 + Level 6.5 Fighting
 + Level 6.5 Short Blades
 + Level 1.0 Long Blades
 + Level 1.0 Axes
 + Level 1.0 Maces & Flails
 + Level 1.0 Polearms
 + Level 1.0 Staves
 + Level 1.0 Slings
 + Level 1.0 Bows
 + Level 1.0 Crossbows
 + Level 1.0 Throwing
 + Level 4.6 Armour
 + Level 2.7 Dodging
 + Level 1.0 Stealth
 + Level 1.0 Shields
 + Level 1.0 Unarmed Combat
 + Level 1.0 Spellcasting
 + Level 0.7 Conjurations
 + Level 0.7 Hexes
 + Level 0.7 Summonings
 + Level 0.7 Necromancy
 + Level 0.7 Translocations
 + Level 0.7 Transmutations
 + Level 0.7 Fire Magic
 + Level 0.7 Ice Magic
 + Level 0.7 Air Magic
 + Level 0.7 Earth Magic
 + Level 0.7 Poison Magic
 + Level 1.1 Invocations
 + Level 1.0 Evocations


You had 4 spell levels left.
You didn't know any spells.
Your spell library was empty.

Dungeon Overview and Level Annotations

Branches:
Dungeon (3/15)

Altars:


Innate Abilities, Weirdness & Mutations

You have very sharp teeth.
Your uncanny sense of smell can sniff out nearby items.
Your experience applies equally to all skills.


Message History

The orc wizard hits you with a +0 dagger.
You bump into the rock wall.
The orc wizard mumbles some strange words.
The orc wizard flickers and vanishes!
Deactivating autopickup; reactivate with Ctrl-A.
The orc hits you with a +0 dagger.
You bump into the rock wall.
The orc wizard points at you and mumbles some strange words.
You resist with significant effort. Something hits you.
The orc barely misses you.
You closely miss the orc wizard. The orc wizard casts a spell at you.
You are more confused.
Something hits you.
You bump into the rock wall.
The orc hits you but does no damage. The orc wizard closely misses you.
Something barely misses you.
You're too confused to move!
The orc hits you but does no damage.
The orc wizard points at you and mumbles some strange words.
The magic dart hits you! Something hits you.
You miss the orc. You bite the orc.
The orc is lightly wounded.
Xom smirks.
You detect nothing.
The orc hits you but does no damage.
The orc wizard hits you with a +0 dagger.
* * * LOW HITPOINT WARNING * * *
Something hits you but does no damage. Something hits you but does no damage.
You closely miss the orc wizard. The orc hits you but does no damage.
The orc wizard misses you.
You closely miss the kobold. Something completely misses you.
The orc hits you with a +0 dagger.
* * * LOW HITPOINT WARNING * * *
The kobold hits you with a +0 whip.
* * * LOW HITPOINT WARNING * * *
The orc wizard closely misses you.
You hear some strange, mumbled words.
A puff of flame appears from out of thin air!
The puff of flame misses you. The kobold hits you with a +0 whip.
You die...
Xom is highly amused!

#..
..........#######
###
...>............###.
##..................
#...........#####.
#####...###.#####.#
#)..##........#
#.{o##.o......#
###o###........#
#.@K..#...K...$#
#.....#.o.....##
#.....#.......#
#.....#.......#
#........##.###
##.#####. #.# # #.#


You could see an orc wizard, an orc and a kobold.

Vanquished Creatures
  2 adders (D:2)
  2 dart slugs
  2 orcs (D:3)
  6 bats
  3 endoplasms
  A giant cockroach (D:1)
  A goblin (D:1)
  6 hobgoblins
  2 ball pythons
  2 frilled lizards
  4 kobolds
31 creatures vanquished.

Notes
Turn   | Place    | Note
-------+----------+-------------------------------------------
     0 | D:1      | Ablot the Gnoll Chaos Knight began the quest for the Orb.
     0 | D:1      | Reached XP level 1. HP: 23/23 MP: 1/1
    15 | D:1      | XOM: divination: detect creatures
   151 | D:1      | XOM: silly message
   284 | D:1      | Reached XP level 2. HP: 29/29 MP: 2/2
   441 | D:1      | XOM: divination: detect items
   724 | D:2      | Reached XP level 3. HP: 35/35 MP: 3/3
   739 | D:2      | Identified the +1 ring mail of Uti Xiuph {Harm Drain +Blink
                  | Dex-4}
   807 | D:2      | XOM: 2-stop teleportation journey
   935 | D:2      | Reached skill level 1 in Invocations
  1044 | D:2      | XOM: silly message
  1180 | D:2      | XOM: silly message
  1266 | D:3      | XOM: divination: detect items
  1273 | D:3      | Reached skill level 1 in Long Blades
  1273 | D:3      | Reached skill level 1 in Axes
  1273 | D:3      | Reached skill level 1 in Maces & Flails
  1273 | D:3      | Reached skill level 1 in Polearms
  1273 | D:3      | Reached skill level 1 in Staves
  1273 | D:3      | Reached skill level 1 in Slings
  1273 | D:3      | Reached skill level 1 in Bows
  1273 | D:3      | Reached skill level 1 in Crossbows
  1273 | D:3      | Reached skill level 1 in Throwing
  1273 | D:3      | Reached skill level 1 in Stealth
  1273 | D:3      | Reached skill level 1 in Shields
  1273 | D:3      | Reached skill level 1 in Unarmed Combat
  1273 | D:3      | Reached skill level 1 in Spellcasting
  1273 | D:3      | Reached skill level 1 in Evocations
  1518 | D:3      | XOM: divination: detect items
  1522 | D:3      | Slain by a kobold

Illustrated notes

Levels and vault maps discovered:
D:1:      shiori_arrival_oz, layout_basic, corexii_item_surrounded_by_moat
D:2:      layout_rooms
D:3:      layout_loops_cross

Skill      XL: |  1  2  3 |
---------------+----------+-----
Invocations    | 1 |  1.1
Long Blades    | 1 |  1.0
Axes           | 1 |  1.0
Maces & Flails | 1 |  1.0
Polearms       | 1 |  1.0
Staves         | 1 |  1.0
Slings         | 1 |  1.0
Bows           | 1 |  1.0
Crossbows      | 1 |  1.0
Throwing       | 1 |  1.0
Stealth        | 1 |  1.0
Shields        | 1 |  1.0
Unarmed Combat | 1 |  1.0
Spellcasting   | 1 |  1.0
Evocations     | 1 |  1.0
Fighting       | |  6.5
Short Blades   | |  6.5
Armour         | |  4.6
Dodging        | |  2.7
Conjurations   | |  0.7
Hexes          | |  0.7
Summonings     | |  0.7
Necromancy     | |  0.7
Translocations | |  0.7
Transmutations | |  0.7
Fire Magic     | |  0.7
Ice Magic      | |  0.7
Air Magic      | |  0.7
Earth Magic    | |  0.7
Poison Magic   | |  0.7

Action                   || total
-------------------------++-------
Melee: Short sword       ||   105
       Bite              ||     5
       Punch             ||     1
 Stab: Distracted        ||     1
Armor: Leather armour    ||    44
Dodge: Dodged            ||    78
